 Dungeon Crawl Stone Soup version 0.21.0-37-g46506fa (webtiles) character file.

13 tidbits the Grave Robber (level 2, 0/20 HPs)
             Began as a Gnoll Necromancer on Feb 1, 2018.
             Slain by an adder (3 damage)
             ... on level 3 of the Dungeon.
             The game lasted 00:03:58 (314 turns).

tidbits the Grave Robber (Gnoll Necromancer)         Turns: 314, Time: 00:03:59

Health: 0/20       AC:  3    Str:  8 (10) XL:     2   Next: 37%
Magic:  4/7        EV: 14    Int: 14 (17) God:
Gold:   27         SH:  0    Dex: 13 (15) Spells: 8/10 levels left

rFire    . . .     SeeInvis .   a - +0 dagger
rCold    . . .     Gourm    .   (no shield)
rNeg     . . .     Faith    .   B - +0 robe
rPois    .         Spirit   .   (no helmet)
rElec    .         Reflect  .   (no cloak)
rCorr    .         Harm     .   G - +0 pair of gloves
MR       .....                  (no boots)
Stlth    +++.......             h - amulet of regeneration
HPRegen  0.06/turn              (no ring)
MPRegen  0.10/turn              (no ring)

@: lethally poisoned (0 -> -5), flying
A: distributed training, fangs 1, strong nose
a: no special abilities


You were on level 3 of the Dungeon.
You were not hungry.

You visited 1 branch of the dungeon, and saw 3 of its levels.

You collected 27 gold pieces.

Inventory:

Hand Weapons
 a - a +0 dagger (weapon)
 d - a +0 short sword
 g - a cursed -2 dagger
Armour
 B - a +0 robe (worn)
 G - a +0 pair of gloves (worn)
Jewellery
 h - an amulet of regeneration (around neck)
   (You found it on level 1 of the Dungeon)
Scrolls
 e - a scroll of enchant weapon {unknown}
Potions
 f - a potion of flight
Books
 b - a book of Necromancy

   Spells                             Type                      Level
   a - Pain                           Necromancy                   1
   b - Animate Skeleton               Necromancy                   1
   c - Vampiric Draining              Necromancy                   3
   d - Regeneration                   Charms/Necromancy            3
   e - Animate Dead                   Necromancy                   4
   f - Borgnjor's Vile Clutch         Necromancy/Earth             5
Comestibles
 c - 4 rations


   Skills:
 + Level 0.3 Fighting
 + Level 0.3 Short Blades
 + Level 0.3 Long Blades
 + Level 0.3 Axes
 + Level 0.3 Maces & Flails
 + Level 0.3 Polearms
 + Level 0.3 Staves
 + Level 0.3 Slings
 + Level 0.3 Bows
 + Level 0.3 Crossbows
 + Level 0.3 Throwing
 + Level 0.3 Armour
 + Level 4.4 Dodging
 + Level 4.0 Stealth
 + Level 0.3 Shields
 + Level 0.3 Unarmed Combat
 + Level 4.9 Spellcasting
 + Level 0.2 Conjurations
 + Level 0.2 Hexes
 + Level 0.2 Charms
 + Level 0.2 Summonings
 + Level 7.0 Necromancy
 + Level 0.2 Translocations
 + Level 0.2 Transmutations
 + Level 0.2 Fire Magic
 + Level 0.2 Ice Magic
 + Level 0.2 Air Magic
 + Level 0.2 Earth Magic
 + Level 0.2 Poison Magic
 + Level 0.4 Invocations
 + Level 0.3 Evocations


You had 8 spell levels left.
You knew the following spells:

 Your Spells              Type           Power        Failure   Level  Hunger
a - Pain                  Necr           ###.         1%          1    None
n - Animate Skeleton      Necr           N/A          1%          1    None


Dungeon Overview and Level Annotations

Branches:
Dungeon (3/15)

Altars:

Annotations:
D:2 exclusion: adder, Sigmund
D:3 Natasha


Innate Abilities, Weirdness & Mutations

Your experience applies equally to all skills.
You have very sharp teeth.
Your uncanny sense of smell can sniff out nearby items.


Message History

Placed new exclusion.
Press: ? - help, . - travel You can't see that place. [the floor.] Placed new exclusion.
You see here a rat corpse.
You see here a robe.
A goblin comes into view.
Found a brown potion.
The helpless goblin fails to defend itself.
You impale the goblin!!
You kill the goblin!
You see here a brown potion.
f - 2 brown potions (gained 1) Unknown command.
Found a ration and 15 poisoned needles.
Found a ration.
You see here a ration.
c - 3 rations (gained 1)
You see here a ration.
c - 4 rations (gained 1)
A rat comes into view.
A kobold comes into view. It is wielding a short sword.
Unknown command.
It was a potion of flight.
You feel very buoyant.
You fly up into the air.
It was a potion of degeneration.
There was something very wrong with that liquid.
You feel weakened.
You feel dopey.
You feel clumsy.
It was a potion of haste.
You feel yourself speed up.
You hit the rat.
The rat is moderately wounded.
The rat bites you but does no damage.
You hit the rat.
You kill the rat!
The kobold shouts!
You hit the kobold.
The kobold is severely wounded.
You barely miss the kobold.
The kobold is severely wounded.
The kobold hits you with a short sword.
You hit the kobold but do no damage.
The kobold is heavily wounded.
The kobold hits you with a short sword.
* * * LOW HITPOINT WARNING * * *
You hit the kobold.
You kill the kobold!
Casting: Pain
Confirm with . or Enter, or press ? or * to list all spells.
Aiming: Pain
Press: ? - help, Shift-Dir - straight line, f - quokka
Aim: a quokka (chance to defeat MR: 92%)
The quokka writhes in agony!
Casting: Pain
Confirm with . or Enter, or press ? or * to list all spells.
Aiming: Pain
Press: ? - help, Shift-Dir - straight line, f/p - quokka
Aim: a quokka (almost dead, chance to defeat MR: 92%)
The quokka writhes in agony!
You kill the quokka!
You see here a short sword.
d - a short sword You see here a quokka corpse.
Really fly into a travel-excluded area?
A kobold comes into view.
Your extra speed is starting to run out.
Found a leather armour.
The kobold shouts!
The kobold throws a stone.
The stone misses you.
There is a stone staircase leading down here.
You see here a stone.
The adder bites you.
* * * LOW HITPOINT WARNING * * *
You are lethally poisoned!
The adder poisons you!
You fly downwards.
Natasha, Servant of Life and Death comes into view.
* * * LOW HITPOINT WARNING * * *
You feel sick.
Found a fuming ruby potion.
There is a stone staircase leading up here.
Okay, then.
Okay, then.
* * * LOW HITPOINT WARNING * * *
You feel sick.
Casting: Pain
Confirm with . or Enter, or press ? or * to list all spells.
Aiming: Pain
Press: ? - help, Shift-Dir - straight line, f - adder
Aim: an adder (chance to defeat MR: 88%)
The adder writhes in agony!
You feel yourself slow down.
Casting: Pain
Confirm with . or Enter, or press ? or * to list all spells.
Aiming: Pain
Press: ? - help, Shift-Dir - straight line, f/p - adder
Aim: an adder (lightly wounded, chance to defeat MR: 88%)
The adder writhes in agony!
The adder bites you.
You die...

... ... ..#
#.# #..
#.####### #
#........
.##!######@#
..h......S.#
.......<...#
###.########


You could see an adder.

Vanquished Creatures
  A leopard gecko (D:1)
  2 goblins
  A hobgoblin (D:1)
  A quokka (D:2)
  A frilled lizard (D:1)
  3 kobolds
  3 rats
12 creatures vanquished.

Notes
Turn   | Place    | Note
-------+----------+-------------------------------------------
     0 | D:1      | tidbits the Gnoll Necromancer began the quest for the Orb.
     0 | D:1      | Reached XP level 1. HP: 13/13 MP: 6/6
    47 | D:1      | Learned a level 1 spell: Animate Skeleton
   131 | D:1      | Reached XP level 2. HP: 10/19 MP: 5/7
   190 | D:2      | Noticed Sigmund
   309 | D:3      | Noticed Natasha
   314 | D:3      | Slain by an adder

Action                   || total
-------------------------++-------
Melee: Dagger            ||    11
 Cast: Pain              ||    14
  Use: Potion            ||     3
 Stab: Sleeping          ||     2
Armor: Robe              ||     1
Dodge: Dodged            ||     2

Table legend:
 A = Turns spent in this place as a percentage of turns spent in the entire game.
 B = Non-inter-level travel turns spent in this place as a percentage of non-inter-level travel turns spent in the entire game.
 C = Inter-level travel turns spent in this place as a percentage of turns spent in this place.
 D = Turns resting spent in this place as a percentage of non-inter-level travel turns spent in this place.
 E = Turns spent auto-exploring this place as a percentage of non-inter-level travel turns spent in this place.
 F = Non-inter-level travel turns spent in this place divided by the number of levels of this place that you've seen.
                   A       B       C       D       E      F
               +-------+-------+-------+-------+-------+----------------------
         Total | 100.0 | 100.0 |   0.0 |   0.0 |   0.0 | 104.7
       Dungeon | 100.0 | 100.0 |   0.0 |   0.0 |   0.0 | 104.7
               +-------+-------+-------+-------+-------+----------------------

Table legend:
 A = Kills in this place as a percentage of kills in entire the game.
 B = Kills by you in this place as a percentage of kills by you in the entire game.
 C = Kills by friends in this place as a percentage of kills by friends in the entire game.
 D = Other kills in this place as a percentage of other kills in the entire game.
 E = Experience gained in this place as a percentage of experience gained in the entire game.
 F = Experience gained in this place divided by the number of levels of this place that you have seen.
                   A       B       C       D       E      F
               +-------+-------+-------+-------+-------+----------------------
         Total | 100.0 | 100.0 |   N/A |   N/A | 100.0 |   6.3
       Dungeon | 100.0 | 100.0 |   N/A |   N/A | 100.0 |   6.3
               +-------+-------+-------+-------+-------+----------------------

Vault maps used:
D:1:      dpeg_arrival_three_smaller_balls, serial_co_window_serial,
          co_window_paths_a, co_window_corner_a, co_window_corner_a,
          co_window_of_opportunity_a, co_window_of_opportunity_a,
          co_window_corner_a, co_window_cross_1, co_window_broadway_b,
          co_window_broadway_a, co_window_cross_3, glass_columns_a,
          glass_columns_a, glass_columns_a, glass_columns_b,
          minmay_misc_feat_enclosed
D:2:      old_standard_altar, uniq_sigmund
D:3:      cheibrodos_pilgrimage, lemuel_coloured_pillars_altar, first_ration,
          uniq_natasha
